 Dungeon Crawl Stone Soup version 0.21-a0-615-g8e08f28 (webtiles) character file.

91331 Firecrotchwizard the Fencer (level 15, -4/122 HPs)
             Began as a Demonspawn Berserker on Dec 22, 2017.
             Was an Elder of Trog.
             Hit by a javelin thrown by a merfolk javelineer (19 damage)
             ... on level 2 of the Shoals.
             The game lasted 01:13:54 (40160 turns).

Firecrotchwizard the Fencer (Demonspawn Berserker) Turns: 40160, Time: 01:13:54

Health: -4/122     AC: 24    Str: 18    XL:     15   Next: 54%
Magic:  15/15      EV: 19    Int: 13    God:    Trog [****..]
Gold:   255        SH:  0    Dex: 19    Spells: 14/14 levels left

rFire    + . .     SeeInvis .   P - +1 demon blade (flame)
rCold    + . .     Gourm    +   (no shield)
rNeg     + . .     Faith    .   K - +1 plate armour {rC+}
rPois    +         Spirit   .   f - +2 helmet
rElec    +         Reflect  .   a - +0 cloak {MR+}
rCorr    .         Harm     .   R - +2 pair of gloves
MR       ++++.                  (boots unavailable)
Stlth    ..........             g - amulet of the gourmand {Gourm, !d}
HPRegen  0.30/turn              p - ring "Emado" {rElec rPois rF+ rN+ Dex-3}
MPRegen  0.14/turn              w - ring of the Mage {Wiz MR++ Int+3}

@: agile
A: talons 3, nightstalker 1, powered by pain 1, sturdy frame 2
a: Berserk, Trog's Hand, Brothers in Arms, Burn Spellbooks, Renounce Religion


You were on level 2 of the Shoals.
You worshipped Trog.
Trog was greatly pleased with you.
You were very full.

You visited 4 branches of the dungeon, and saw 25 of its levels.

You collected 2082 gold pieces.
You spent 1827 gold pieces at shops.

Inventory:

Hand Weapons
 M - a +4 triple sword of freezing
   (Trog gifted it to you on level 4 of the Lair of Beasts)
 P - a +1 demon blade of flaming (weapon)
   (You bought it in a shop on level 2 of the Orcish Mines)
Missiles
 m - 2 throwing nets {=f, !d}
Armour
 a - a +0 cloak of magic resistance (worn)
   (You bought it in a shop on level 1 of the Orcish Mines)
 f - a +2 helmet (worn)
   (You found it on level 1 of the Dungeon)
 B - a scarf of cloud immunity
   (You found it on level 3 of the Lair of Beasts)
 K - a +1 plate armour of cold resistance (worn)
   (You took it off an orc warrior on level 2 of the Orcish Mines)
 R - a +2 pair of gloves (worn)
   (You found it on level 13 of the Dungeon)
 S - the +0 shield of Eternal Night {rElec Regen+ Str+7 Stlth-}
   (You acquired it on level 13 of the Dungeon)

   It affects your strength (+7).
   It insulates you from electricity.
   It increases your rate of regeneration.
   It makes you less stealthy.
Jewellery
 g - an amulet of the gourmand (around neck) {Gourm, !d}
   (You found it on level 7 of the Dungeon)
 p - the ring "Emado" (left hand) {rElec rPois rF+ rN+ Dex-3}
   (You found it on level 6 of the Lair of Beasts)

   [ring of positive energy]

   It affects your dexterity (-3).
   It protects you from fire.
   It insulates you from electricity.
   It protects you from poison.
   It protects you from negative energy.
 v - an uncursed ring of protection from magic {MR+, !d}
   (You found it on level 6 of the Dungeon)
 w - the ring of the Mage (right hand) {Wiz MR++ Int+3}
   (You took it off a gnoll shaman on level 8 of the Dungeon)

   [ring of wizardry]

   It improves your spell success rate.
   It affects your intelligence (+3).
   It affects your resistance to hostile enchantments.
 x - an uncursed ring of fire {rF+, rC-}
   (You found it on level 2 of the Lair of Beasts)
 G - an uncursed ring of positive energy {rN+}
   (You found it on level 2 of the Lair of Beasts)
Wands
 b - a wand of flame (34)
   (You found it on level 6 of the Lair of Beasts)
 q - a wand of enslavement (19)
   (You found it on level 8 of the Dungeon)
 s - a wand of paralysis (28)
   (You found it on level 3 of the Dungeon)
 t - a wand of acid (9)
   (You found it on level 13 of the Dungeon)
 u - a wand of iceblast (17)
   (You found it on level 4 of the Dungeon)
 y - a wand of polymorph (15)
   (You found it on level 11 of the Dungeon)
 z - a wand of scattershot (6)
   (You found it on level 12 of the Dungeon)
 I - a wand of digging (32)
   (You found it on level 2 of the Lair of Beasts)
 W - a wand of random effects (14)
   (You found it on level 1 of the Shoals)
Scrolls
 d - 4 scrolls of fog
 e - 5 scrolls of enchant weapon
 h - 2 scrolls of magic mapping {!r}
 i - 4 scrolls of remove curse
 j - a scroll of identify
 n - 2 scrolls of blinking {!r}
 D - 3 scrolls of fear
 N - 3 scrolls of teleportation
 O - a scroll of enchant armour
Potions
 k - 12 potions of curing
 l - 3 potions of cancellation
 o - 2 potions of lignification {!q}
 r - 6 potions of resistance
 A - 2 potions of berserk rage {!q}
 C - 2 potions of haste
 E - 3 potions of flight
 F - 3 potions of heal wounds
 H - 2 potions of mutation {!q}
 J - 2 potions of might
 L - a potion of invisibility
 Q - 2 potions of magic
 T - a potion of ambrosia
Comestibles
 c - 34 rations {@e1}


   Skills:
 + Level 12.9 Fighting
 * Level 15.9 Long Blades
 + Level 11.8 Armour
 + Level 11.7 Dodging


You had 14 spell levels left.
You didn't know any spells.

Dungeon Overview and Level Annotations

Branches:
Dungeon (15/15)            Temple (0/1) D:4            Lair (6/6) D:8
 Shoals (2/4) Lair:2       Spider (0/4) Lair:3        Slime (0/5) Lair:6
    Orc (2/2) D:11            Elf (0/3) Orc:2        Vaults (0/5) D:13
 Depths: D:15

Altars:
Ashenzari
Cheibriados
Fedhas
Gozag
Hepliaklqana
Kikubaaqudgha
Nemelex Xobeh
Okawaru
Trog
Wu Jian
Xom
Yredelemnul
Zin
Beogh

Shops:
D:7 (   Orc:1 [%*   Orc:2 ([[(

Annotations:
D:4 exclusion: door
D:6 2 transporters
D:15 THUG4L1F3's ghost, journeyman MiBe
Lair:3 exclusion: orb spider


Innate Abilities, Weirdness & Mutations

You have claws for feet.
You are slightly more attuned to the shadows.
You sometimes gain a little power by taking damage.
Your movements are less encumbered by armour. (ER -4)


Message History

The merfolk shouts!
Your kick misses the merfolk.
The merfolk throws a tomahawk.
The tomahawk hits you but does no damage.
The merfolk javelineer closely misses you.
You barely miss the merfolk. The merfolk closely misses you.
You riposte.
You hit the merfolk. You burn the merfolk.
You kill the merfolk!
Trog accepts your kill.
The merfolk throws a tomahawk.
The tomahawk hits you.
You take 2 damage, and have 105/122 hp.
The merfolk javelineer throws a javelin of returning.
The javelin of returning hits you but does no damage.
The weapon returns to the merfolk javelineer!
The merfolk throws a tomahawk.
The tomahawk barely misses you.
Things that are here:
a tomahawk; a trident; a merfolk corpse Your plate armour prevents you from hitting the merfolk javelineer.
The merfolk javelineer throws a javelin of returning.
The javelin of returning hits you!
The weapon returns to the merfolk javelineer!
You take 16 damage, and have 90/122 hp.
You hit the merfolk javelineer but do no damage.
The merfolk throws a tomahawk.
The tomahawk misses you.
The merfolk javelineer throws a javelin of returning.
The javelin of returning hits you.
The weapon returns to the merfolk javelineer!
You take 5 damage, and have 85/122 hp.
Your plate armour prevents you from hitting the merfolk javelineer.
Your kick misses the merfolk javelineer.
The merfolk javelineer shouts!
You hit the merfolk javelineer but do no damage.
You claw the merfolk javelineer.
You hear a shout!
The merfolk throws a tomahawk.
The tomahawk hits you.
The merfolk javelineer throws a javelin of returning.
The javelin of returning hits you but does no damage.
The weapon returns to the merfolk javelineer!
You take 3 damage, and have 82/122 hp.
You hit the merfolk javelineer. You burn the merfolk javelineer.
You slice the merfolk javelineer!! You burn the merfolk javelineer.
Your kick misses the merfolk javelineer.
The merfolk javelineer throws a javelin.
The javelin hits you!
The merfolk javelineer throws a javelin of returning.
The javelin of returning barely misses you.
The weapon returns to the merfolk javelineer!
The merfolk throws a tomahawk.
The tomahawk closely misses you.
You take 9 damage, and have 73/122 hp.
You closely miss the merfolk javelineer.
The merfolk javelineer throws a javelin.
The javelin barely misses you.
The merfolk javelineer throws a javelin of returning.
The javelin of returning hits you!!
You focus on the pain.
You feel agile all of a sudden.
The weapon returns to the merfolk javelineer!
You take 22 damage, and have 51/122 hp.
You slash the merfolk javelineer! You burn the merfolk javelineer.
You miss the merfolk javelineer.
You claw the merfolk javelineer, but do no damage.
The merfolk throws a tomahawk.
The tomahawk hits you.
The merfolk javelineer throws a javelin.
The javelin closely misses you.
The merfolk javelineer throws a javelin of returning.
The javelin of returning hits you!
The weapon returns to the merfolk javelineer!
You take 11 damage, and have 40/122 hp.
You miss the merfolk javelineer. You claw the merfolk javelineer.
The merfolk throws a tomahawk.
The tomahawk hits you.
* * * LOW HITPOINT WARNING * * *
You take 6 damage, and have 34/122 hp.
You hit the merfolk javelineer. You burn the merfolk javelineer.
You claw the merfolk javelineer.
The merfolk javelineer throws a javelin.
The javelin hits you.
* * * LOW HITPOINT WARNING * * *
The merfolk javelineer throws a javelin of returning.
The javelin of returning hits you.
* * * LOW HITPOINT WARNING * * *
You take 3 damage, and have 31/122 hp.
The merfolk javelineer throws a javelin.
The javelin hits you!
* * * LOW HITPOINT WARNING * * *
The merfolk javelineer closely misses you.
The merfolk throws a tomahawk.
The tomahawk misses you.
Things that are here:
a javelin; 2 tomahawks You take 8 damage, and have 23/122 hp.
The merfolk javelineer throws a javelin.
The javelin hits you.
* * * LOW HITPOINT WARNING * * *
The merfolk javelineer throws a javelin of returning.
The javelin of returning hits you.
* * * LOW HITPOINT WARNING * * *
The weapon returns to the merfolk javelineer!
The merfolk throws a tomahawk.
The tomahawk misses you.
You see here a javelin.
You take 8 damage, and have 15/122 hp.
The merfolk javelineer throws a javelin.
The javelin hits you!!
You die...

≈≈≈≈≈≈≈≈≈≈≈≈≈≈≈≈≈≈
≈≈≈≈≈≈≈≈≈≈≈≈≈≈≈≈≈≈≈≈
≈≈≈≈≈≈≈≈≈≈≈≈≈≈≈≈≈≈≈≈
≈≈≈≈≈≈≈...≈≈≈≈≈≈≈≈≈≈
≈≈≈≈≈≈.....≈≈≈≈≈≈≈≈≈
≈≈≈≈.....(.((≈≈≈≈≈≈≈
≈≈≈..(.(....≈≈≈≈≈≈≈≈
≈≈≈.....(...≈≈≈≈≈≈≈≈
≈≈≈≈..@((mm.≈≈≈≈≈≈≈≈
≈≈≈≈≈......≈≈≈≈≈≈≈≈≈
≈≈≈≈≈≈....≈≈≈≈≈≈≈≈≈≈
≈≈≈≈≈≈≈≈≈≈≈≈≈≈≈≈≈≈≈≈
≈≈≈≈≈≈≈≈≈≈≈m≈≈≈≈
≈≈≈≈≈≈≈≈≈≈≈m≈≈≈≈
≈≈≈≈≈≈≈≈≈≈≈≈≈≈≈≈


You could see 2 merfolk javelineers and 2 merfolk.

Vanquished Creatures
  Frances (Shoals:1)
  A sphinx (D:13)
  A storm dragon (D:13)
  2 orc warlords
  The ghost of blobert the Basher, a journeyman GrFi of Okawaru (D:13)
  An ettin (D:13)
  Josephine (D:12)
  8 hydras
  2 centaur warriors
  A catoblepas (Lair:6)
  A vault guard (D:13)
  A death knight (D:14)
  Erica (D:8)
  5 two-headed ogres
  A deep troll earth mage (D:13)
  5 death yaks
  An orc high priest (Orc:2)
  2 sea snakes (Shoals:1)
  2 unseen horrors
  Pikel (D:8)
  A phantasmal warrior (D:14)
  3 orc knights
  2 wolf spiders
  3 deep elf magi
  4 cyclopes
  3 orc sorcerers (Orc:2)
  An ugly thing (D:12)
  4 manticores
  A centaur zombie (D:11)
  17 elephants
  2 water nymphs
  A merfolk siren (Shoals:1)
  3 black mambas
  3 torpor snails (Lair:2)
  A gargoyle (D:14)
  4 rime drakes
  8 spiny frogs
  3 kobold demonologists
  A freezing wraith (D:14)
  4 komodo dragons
  2 merfolk
  8 trolls
  2 wind drakes (Shoals:1)
  A hornet (D:8)
  Grinder (D:4)
  3 slime creatures
  The ghost of pigah the Firebug, an amateur DrFE (D:4)
  14 hippogriffs
  2 snapping turtles (Shoals:1)
  6 polar bears
  Prince Ribbit (D:8)
  11 dream sheep (Lair:6)
  18 blink frogs
  Sigmund (D:4)
  A water elemental (Shoals:2)
  3 wyverns
  2 shadows
  A vampire (D:13)
  40 yaks
  A basilisk (D:8)
  8 wraiths
  2 steam dragons (D:5)
  3 hungry ghosts
  Menkaure (D:4)
  5 wargs
  A soldier ant (D:10)
  An acid dragon (D:12)
  22 water moccasins
  5 porcupines
  7 ice beasts
  41 orc warriors
  4 phantoms
  4 slaves (D:8)
  3 sky beasts
  A black bear (Lair:6)
  7 ogres
  An eye of draining (D:12)
  2 necrophages
  4 wolves (Lair:6)
  6 centaurs
  12 crocodiles
  4 big kobolds
  A gnoll sergeant (Orc:2)
  16 bullfrogs
  5 scorpions
  17 killer bees
  3 wights (D:14)
  A howler monkey (D:7)
  An electric eel (Lair:2)
  6 crimson imps
  2 bullfrog zombies
  A quasit (D:6)
  8 hounds
  A gnoll shaman (D:8)
  10 jellies
  20 orc priests
  3 bullfrog skeletons
  5 centaur skeletons
  25 orc wizards
  3 iguanas
  14 worker ants
  A worker ant zombie (D:7)
  13 gnolls
  9 adders
  5 shadow imps
  6 oozes
  2 adder skeletons
  2 adder zombies (D:8)
  7 worms
  4 dart slugs
  3 leopard geckos
  87 orcs
  A ball python (D:3)
  5 giant cockroaches
  13 goblins
  8 hobgoblins
  3 jackals (D:2)
  29 kobolds
  6 quokkas
  8 bats
  5 frilled lizards
  A quokka skeleton (D:4)
  3 rats
  A plant (Lair:6)
735 creatures vanquished.

Vanquished Creatures (collateral kills)
  An orc warlord (Orc:2)
  A dire elephant (Lair:6)
  A deep troll shaman (Lair:6)
  An orc sorcerer (Orc:2)
  A warg (Orc:2)
  4 orc warriors
  An orc priest (Orc:1)
  2 orc wizards (Orc:2)
  3 orcs
15 creatures vanquished.

Vanquished Creatures (others)
  18 fungi
  10 plants
28 creatures vanquished.

Grand Total: 778 creatures vanquished

Notes
Turn   | Place    | Note
-------+----------+-------------------------------------------
     0 | D:1      | Firecrotchwizard the Demonspawn Berserker began the quest for the Orb.
     0 | D:1      | Reached XP level 1. HP: 18/18 MP: 1/1
    56 | D:1      | HP: 4/18 [dart slug/slug dart (6)]
   286 | D:1      | Gained mutation: You are slightly more attuned to the shadows. [demonic ancestry]
   286 | D:1      | Reached XP level 2. HP: 13/24 MP: 2/2
   431 | D:1      | Reached skill level 2 in Armour
   446 | D:1      | Reached skill level 3 in Long Blades
   446 | D:1      | Reached skill level 2 in Dodging
  1220 | D:1      | Reached XP level 3. HP: 27/29 MP: 3/3
  1552 | D:1      | Reached ** piety under Trog
  1615 | D:2      | Found Zin's Purification Station.
  1616 | D:2      | Found a glowing silver altar of Zin.
  1893 | D:2      | Found a sparkling altar of Nemelex Xobeh.
  2412 | D:2      | Gained mutation: You have sharp toenails. [demonic ancestry]
  2412 | D:2      | Reached XP level 4. HP: 35/35 MP: 4/4
  3740 | D:2      | Reached XP level 5. HP: 38/42 MP: 5/5
  3750 | D:2      | Reached skill level 4 in Long Blades
  4285 | D:4      | Noticed a phantom
  4295 | D:3      | Reached skill level 4 in Fighting
  4468 | D:4      | Found a basalt altar of Yredelemnul.
  4513 | D:4      | Noticed Menkaure
  4520 | D:4      | Killed Menkaure
  4520 | D:4      | Reached skill level 3 in Armour
  4520 | D:4      | Reached skill level 3 in Dodging
  4520 | D:4      | Gained mutation: Your movements are slightly less encumbered by armour. (ER -2) [demonic ancestry]
  4520 | D:4      | Reached XP level 6. HP: 48/48 MP: 6/6
  4539 | D:4      | Noticed Grinder
  4557 | D:4      | HP: 12/48 [Grinder (2)]
  4558 | D:4      | Killed Grinder
  4558 | D:4      | Reached skill level 5 in Long Blades
  4558 | D:4      | Gained mutation: You have razor-sharp toenails. [demonic ancestry]
  4558 | D:4      | Reached XP level 7. HP: 15/55 MP: 7/7
  4731 | D:4      | Noticed pigah's ghost (amateur DrFE)
  4792 | D:4      | Killed pigah's ghost
  4819 | D:4      | HP: 13/55 [poisoned by pigah's ghost]
  5221 | D:4      | Found a staircase to the Ecumenical Temple.
  5314 | D:4      | Noticed Sigmund
  5330 | D:4      | Killed Sigmund
  5330 | D:4      | Reached skill level 5 in Fighting
  5330 | D:4      | Reached skill level 6 in Long Blades
  5330 | D:4      | Reached skill level 4 in Armour
  5330 | D:4      | Reached skill level 4 in Dodging
  5330 | D:4      | Reached XP level 8. HP: 31/62 MP: 8/8
  5925 | D:5      | Entered Level 5 of the Dungeon
  6027 | D:2      | Bought a potion of curing for 90 gold pieces
  6854 | D:5      | Found a bloodstained altar of Trog.
  6988 | D:5      | Reached skill level 7 in Long Blades
  7176 | D:5      | HP: 14/64 [steam dragon (10)]
  7178 | D:5      | HP: 5/64 [steam dragon/ball of steam (9)]
  7179 | D:5      | HP: 1/64 [steam dragon] (4)]
  7180 | D:5      | Reached skill level 6 in Fighting
  7180 | D:5      | Reached skill level 5 in Armour
  7180 | D:5      | Reached skill level 5 in Dodging
  7570 | D:6      | Reached XP level 9. HP: 64/69 MP: 9/9
  7654 | D:6      | Got an iridescent spear
  7655 | D:6      | Identified the cursed +2 spear "Grim" {pierce, +Blink +Fly rN+ Str-2} (You found it on level 6 of the Dungeon)
  7739 | D:6      | Found an iron altar of Okawaru.
  7739 | D:6      | Found a blossoming altar of Fedhas.
  7848 | D:6      | Reached *** piety under Trog
  7860 | D:6      | Found an ornate altar of the Wu Jian Council.
  7862 | D:6      | Noticed a death knight
  7864 | D:6      | Found a transporter.
  8044 | D:6      | Found a transporter.
  8085 | D:6      | Found an ancient bone altar of Kikubaaqudgha.
  8227 | D:6      | Found a hazy altar of Hepliaklqana.
  8609 | D:7      | Reached skill level 8 in Long Blades
  9027 | D:7      | Found Ete Muh's Weapon Boutique.
  9399 | D:6      | Reached skill level 7 in Fighting
  9413 | D:7      | Reached skill level 6 in Armour
  9413 | D:7      | Reached skill level 6 in Dodging
 10077 | D:8      | Noticed Erica
 10089 | D:8      | HP: 10/72 [something/orb of energy (23)]
 10099 | D:8      | HP: 24/108 [something (12)]
 10100 | D:8      | Killed Erica
 10100 | D:8      | Reached skill level 9 in Long Blades
 10100 | D:8      | Gained mutation: You sometimes gain a little power by taking damage. [demonic ancestry]
 10100 | D:8      | Reached XP level 10. HP: 25/79 MP: 10/10
 10456 | D:8      | Noticed an elephant
 10479 | D:8      | Killed an elephant
 10595 | D:8      | Found a staircase to the Lair.
 10841 | D:8      | Noticed Prince Ribbit
 10846 | D:8      | Killed Prince Ribbit
 11149 | D:8      | Reached skill level 8 in Fighting
 11362 | D:8      | Reached skill level 10 in Long Blades
 11364 | D:8      | Reached skill level 7 in Armour
 11380 | D:8      | Reached skill level 7 in Dodging
 11510 | D:8      | Noticed Pikel
 11526 | D:8      | Killed Pikel
 11685 | D:9      | Noticed an eight-headed hydra
 11698 | D:9      | Killed a two-headed hydra
 11698 | D:9      | Reached XP level 11. HP: 31/87 MP: 11/11
 12019 | Lair:1   | Entered Level 1 of the Lair of Beasts
 12125 | D:9      | Reached **** piety under Trog
 12573 | D:9      | Noticed a two-headed ogre
 12581 | D:9      | Killed a two-headed ogre
 13042 | D:10     | Entered Level 10 of the Dungeon
 13542 | D:10     | Found a shimmering altar of Xom.
 13543 | D:10     | Found a shimmering altar of Xom.
 13547 | D:10     | Found a shimmering altar of Xom.
 13553 | D:10     | Found a shimmering altar of Xom.
 13553 | D:10     | Found a shimmering altar of Xom.
 13554 | D:10     | Found a shimmering altar of Xom.
 13556 | D:10     | Found a shimmering altar of Xom.
 14104 | Lair:1   | Reached skill level 11 in Long Blades
 14125 | Lair:1   | Reached skill level 9 in Fighting
 14652 | Lair:1   | Reached skill level 8 in Armour
 14871 | Lair:1   | Reached skill level 8 in Dodging
 15192 | Lair:1   | You fall through a shaft!
 15302 | Lair:1   | Reached ***** piety under Trog
 16016 | Lair:2   | Found a staircase to the Shoals.
 16185 | Lair:2   | Noticed a death yak
 16245 | Lair:2   | Killed a death yak
 16502 | Lair:2   | Reached XP level 12. HP: 68/96 MP: 12/12
 16563 | Lair:2   | Found a snail-covered altar of Cheibriados.
 16690 | Lair:2   | HP: 36/144 [blink frog (5)]
 16696 | Lair:2   | HP: 34/144 [poisoned by a spiny frog]
 16702 | Lair:2   | HP: 21/96 [poisoned by a spiny frog]
 16707 | Lair:2   | HP: 19/96 [poisoned by a spiny frog]
 16713 | Lair:2   | HP: 19/96 [poisoned by a spiny frog]
 16718 | Lair:2   | HP: 19/96 [poisoned by a spiny frog]
 17622 | Lair:2   | Noticed a death yak
 17742 | Lair:3   | Noticed a death yak
 17778 | Lair:3   | Killed a death yak
 17778 | Lair:3   | Reached skill level 12 in Long Blades
 18733 | Lair:3   | Found a hole to the Spider Nest.
 19518 | Lair:4   | Received a gift from Trog
 19518 | Lair:4   | Reached skill level 10 in Fighting
 19556 | Lair:4   | Reached skill level 9 in Armour
 19557 | Lair:4   | Noticed a five-headed hydra
 19564 | Lair:4   | Killed a one-headed hydra
 19868 | Lair:4   | Reached skill level 9 in Dodging
 21927 | Lair:6   | Entered Level 6 of the Lair of Beasts
 22182 | Lair:6   | Gained mutation: You have claws for feet. [demonic ancestry]
 22182 | Lair:6   | Reached XP level 13. HP: 92/104 MP: 4/13
 22208 | Lair:5   | HP: 25/104 [poisoned by a black mamba]
 22511 | Lair:6   | Reached skill level 13 in Long Blades
 22810 | Lair:6   | Got a crude flail
 23894 | Lair:6   | Found a staircase to the Slime Pits.
 23905 | Lair:6   | HP: 21/105 [slime creature (12)]
 24617 | Lair:6   | Reached skill level 11 in Fighting
 24631 | Lair:6   | Reached skill level 10 in Armour
 25203 | Lair:6   | Reached skill level 10 in Dodging
 26174 | Lair:6   | Reached skill level 14 in Long Blades
 26767 | Lair:6   | Noticed a dire elephant
 26772 | Lair:6   | Found the +6 shillelagh "Devastator" {shatter}
 26776 | Lair:6   | Killed a dire elephant
 26796 | Lair:6   | Got a fine golden ring
 26848 | Lair:6   | Identified the ring "Emado" {rElec rPois rF+ rN+ Dex-3} (You found it on level 6 of the Lair of Beasts)
 27164 | D:11     | Found a staircase to the Orcish Mines.
 27341 | D:11     | Gained mutation: Your movements are less encumbered by armour. (ER -4) [demonic ancestry]
 27341 | D:11     | Reached XP level 14. HP: 76/113 MP: 14/14
 28335 | Orc:1    | Entered Level 1 of the Orcish Mines
 28433 | Orc:1    | Found Siashe's Armour Emporium.
 28440 | Orc:1    | Bought a +0 cloak of magic resistance for 195 gold pieces
 28569 | Orc:1    | Found Joepuac's Assorted Antiques.
 28588 | Orc:1    | Bought a potion of curing for 78 gold pieces
 28588 | Orc:1    | Bought a potion of heal wounds for 130 gold pieces
 28588 | Orc:1    | Bought a potion of curing for 78 gold pieces
 28590 | Orc:1    | Found Nititaro's Food Shop.
 28680 | Orc:2    | Entered Level 2 of the Orcish Mines
 28826 | Orc:2    | Found a staircase to the Elven Halls.
 29272 | Orc:2    | HP: 19/114 [orc warrior/short sword (15)]
 30148 | Orc:2    | Found a roughly hewn altar of Beogh.
 30193 | Orc:2    | Found Ucrezikh's Antique Armour Shop.
 30622 | Orc:2    | Received a gift from Trog
 30694 | Orc:2    | Found a roughly hewn altar of Beogh.
 30717 | Orc:2    | Found Ceonkaco's Antique Weapon Boutique.
 30733 | Orc:2    | Bought a runed demon blade for 360 gold pieces
 30799 | Orc:2    | Found a roughly hewn altar of Beogh.
 30905 | Orc:2    | Noticed an orc warlord
 30972 | Orc:2    | HP: 25/114 [orc warlord/bardiche of pain (22)]
 30977 | Orc:2    | HP: 18/114 [orc warlord/bardiche of pain (8)]
 30978 | Orc:2    | Killed an orc warlord
 31238 | Orc:2    | Found Wioce's Antique Weapon Emporium.
 31239 | Orc:2    | Found a roughly hewn altar of Beogh.
 31252 | Orc:2    | Received a gift from Trog
 31263 | Orc:2    | Found Vyesh's Antique Armour Shoppe.
 31377 | Orc:2    | Found a roughly hewn altar of Beogh.
 31473 | Orc:2    | Noticed an orc warlord
 31485 | Orc:2    | Killed an orc warlord
 31490 | Orc:2    | HP: 18/114 [orc sorcerer/bolt of negative energy[an orc warlord] (16)]
 31491 | Orc:2    | Found a roughly hewn altar of Beogh.
 32174 | Orc:2    | Reached skill level 12 in Fighting
 32427 | Orc:1    | HP: 24/115 [orc knight/uncursed war axe (9)]
 32780 | Orc:1    | Noticed an orc warlord
 32794 | Orc:1    | Killed an orc warlord
 33624 | D:12     | Noticed Josephine
 33638 | D:12     | Killed Josephine
 33638 | D:12     | Reached skill level 11 in Armour
 33863 | D:12     | Found a shattered altar of Ashenzari.
 33878 | D:12     | Reached skill level 15 in Long Blades
 33878 | D:12     | Reached skill level 11 in Dodging
 35428 | D:13     | Received a gift from Trog
 35461 | D:13     | Noticed blobert's ghost (journeyman GrFi)
 35489 | D:13     | HP: 27/116 [blobert's ghost (20)]
 35492 | D:13     | Killed blobert's ghost
 35822 | D:13     | Reached XP level 15. HP: 104/122 MP: 15/15
 35900 | D:13     | Got a brightly glowing ring mail
 35903 | D:13     | Identified the +1 ring mail of the Fife {rF- rN+ MR+++ Int+4} (You took it off a big kobold on level 13 of the Dungeon)
 35995 | D:13     | Found a gate to the Vaults.
 36252 | D:13     | Noticed a sphinx
 36260 | D:13     | Noticed a storm dragon
 36266 | D:13     | Killed a sphinx
 36276 | D:13     | Killed a storm dragon
 36604 | D:13     | Found an opulent altar of Gozag.
 37332 | D:13     | Identified a scroll of acquirement
 37333 | D:13     | Got a scorched shield
 37344 | D:13     | Identified the +0 shield of Eternal Night {rElec Regen+ Str+7 Stlth-} (You acquired it on level 13 of the Dungeon)
 37786 | D:14     | Received a gift from Trog
 38207 | Orc:2    | Bought a dazzling plate armour for 896 gold pieces
 38217 | Orc:2    | Identified the cursed +1 plate armour of the Barnacle {Regen+ MP+9 Dex+2 Slay-4} (You bought it in a shop on level 2 of the Orcish Mines)
 38714 | D:15     | Entered Level 15 of the Dungeon
 38759 | D:15     | Noticed THUG4L1F3's ghost (journeyman MiBe)
 38964 | Shoals:1 | Entered Level 1 of the Shoals
 39544 | Shoals:1 | Noticed Frances
 39564 | Shoals:1 | Killed Frances
 39800 | Shoals:2 | HP: 28/122 [drowned by a water nymph (11)]
 40158 | Shoals:2 | HP: 23/122 [merfolk javelineer/javelin (8)]
 40160 | Shoals:2 | Hit by a javelin thrown by a merfolk javelineer

Vault maps used:
D:1:      dpeg_arrival_solitude
D:2:      lemuel_crystal_altar, zin_purify, first_ration
D:3:      serial_park_tiny_pond
D:4:      kennysheep_mini, minmay_temple_entry_glass, sigmund_army,
          uniq_sigmund, uniq_menkaure, uniq_grinder
D:5:      kennysheep_steamy, old_standard_altar, minivault_23
D:6:      gammafunk_temple_overflow_arena, marbit_many_paths,
          kiku_gazebo_pond_becter, gammafunk_temple_overflow_statue
D:7:      serial_shops, nicolae_shop_crystal
D:8:      david_lair_generic, uniq_pikel, uniq_erica, uniq_prince_ribbit1
D:10:     hangedman_little_slice_of_home, nrook_mini_backslash, xom_redecorated
D:11:     david_orc_3
D:12:     kennysheep_windowed_halls, minivault_25_ag, ashenzari_altar_1,
          uniq_josephine
D:13:     minmay_textured_paths, david_vaults_5, nicolae_gozag_seed_capital
D:14:     minmay_misc_feat_pillars
D:15:     grunt_enter_depths_hoard, lemuel_doored_altar, minmay_radiant,
          uniq_urug, uniq_louise, uniq_nessos
Lair:2:   shoals_dummy_entry, small_statue_intersection,
          kennysheep_snail_temple, serial_bayou_shore_a, serial_bayou_shore_b
Lair:3:   nicolae_spider_entry_orb_guardian, small_statue_intersection,
          minivault_23, serial_bayou_pond_e
Lair:6:   grunt_lair_end_beastmaster, minmay_slime_entry_pillars
Shoals:1: uniq_frances
Shoals:2: nicolae_shoals_c_island, uniq_polyphemus
Orc:1:    serial_shops, nicolae_shop_overgrown_old_shop, shop, shop,
          sword_in_stone
Orc:2:    grunt_orc_community_town_hall, grunt_orc_community_big_house_1,
          grunt_orc_community_big_house_2, grunt_orc_community_house_3,
          grunt_orc_community_house_2, grunt_orc_community_house_2,
          grunt_orc_community_house_3, grunt_orc_community_house_2,
          grunt_orc_community_house_3

Skill      XL: |  1  2  3  4  5  6  7  8  9 10 11 12 13 14 |
---------------+-------------------------------------------+-----
Armour         | 2 3 4 5 6 7 8 9 10 11 | 11.8
Long Blades    | 3 4 5 6 7 9 10 11 12 14 15 | 15.9
Dodging        | 2 3 4 5 6 7 8 9 10 11 | 11.7
Fighting       | 4 5 6 7 8 9 10 11 12 | 12.9

Action                   |  1- 3 |  4- 6 |  7- 9 | 10-12 | 13-15 || total
-------------------------+-------+-------+-------+-------+-------++-------
Melee: Falchion          |   177 |   159 |   411 |     6 |       ||   753
       Kick              |       |    61 |   151 |   296 |   588 ||  1096
       Spear             |       |       |     4 |       |       ||     4
       Scimitar          |       |       |       |   602 |   615 ||  1217
       Triple sword      |       |       |       |   133 |    54 ||   187
       Demon blade       |       |       |       |       |   753 ||   753
       Great sword       |       |       |       |       |     6 ||     6
Throw: Javelin           |       |       |       |       |    92 ||    92
Invok: Berserk           |     1 |       |     2 |     1 |       ||     4
       Trog's Hand       |       |     4 |     6 |     6 |     4 ||    20
       Burn Spellbooks   |       |       |       |     2 |     2 ||     4
       Brothers in Arms  |       |       |       |       |     9 ||     9
Evoke: Wand              |       |       |       |     5 |     4 ||     9
  Use: Scroll            |       |     1 |    15 |    12 |    11 ||    39
       Potion            |       |       |     3 |       |     7 ||    10
 Stab: Sleeping          |     4 |     1 |     4 |       |       ||     9
       Distracted        |     1 |       |       |       |     3 ||     4
  Eat: Chunk             |     6 |     8 |    11 |    54 |    61 ||   140
       Ration            |       |       |     5 |     2 |       ||     7
Armor: Animal skin       |     7 |       |       |       |       ||     7
       Ring mail         |    40 |    57 |   142 |     8 |       ||   247
       Chain mail        |       |       |       |    76 |       ||    76
       Plate armour      |       |       |       |   303 |   665 ||   968
Dodge: Dodged            |   103 |    99 |   309 |   365 |   734 ||  1610
Block: Shield            |       |       |       |       |    22 ||    22
       Buckler           |       |       |       |       |     7 ||     7
       Rpst.: Falchion   |    28 |    36 |    79 |       |       ||   143
       Scimitar          |       |       |       |    64 |    79 ||   143
       Triple sword      |       |       |       |    18 |    14 ||    32
       Demon blade       |       |       |       |       |    80 ||    80
       Great sword       |       |       |       |       |     1 ||     1

Table legend:
 A = Spawn XP
 B = Non-spawn XP
 C = Spawn XP percentage of total XP
 D = Spawn monster count
 E = Non-spawn monster count
 F = Spawn count percentage of total count
 G = Total turns spent on level
                    A         B        C        D         E        F      G
               +---------+---------+-------+---------+---------+-------+---------
         Total |       0 |  130474 |   0.0 |       0 |     745 |   0.0 | 40160
               +---------+---------+-------+---------+---------+-------+---------
           D:1 |       0 |      55 |   0.0 |       0 |      33 |   0.0 |  1591
           D:2 |       0 |     132 |   0.0 |       0 |      31 |   0.0 |  2022
           D:3 |       0 |     172 |   0.0 |       0 |      28 |   0.0 |   842
           D:4 |       0 |    1194 |   0.0 |       0 |      12 |   0.0 |  1538
           D:5 |       0 |    1225 |   0.0 |       0 |      16 |   0.0 |  1537
           D:6 |       0 |    1078 |   0.0 |       0 |      25 |   0.0 |  1058
           D:7 |       0 |    1290 |   0.0 |       0 |      21 |   0.0 |  1445
           D:8 |       0 |    5187 |   0.0 |       0 |      42 |   0.0 |  1895
           D:9 |       0 |    4622 |   0.0 |       0 |      37 |   0.0 |  1344
          D:10 |       0 |    1002 |   0.0 |       0 |      23 |   0.0 |   890
          D:11 |       0 |    5880 |   0.0 |       0 |      33 |   0.0 |  1283
          D:12 |       0 |   10793 |   0.0 |       0 |      58 |   0.0 |  1801
          D:13 |       0 |   17644 |   0.0 |       0 |      45 |   0.0 |  2560
          D:14 |       0 |    8805 |   0.0 |       0 |      39 |   0.0 |  1086
          D:15 |       0 |      90 |   0.0 |       0 |       1 |   0.0 |    47
        Lair:1 |       0 |    3621 |   0.0 |       0 |      17 |   0.0 |  1614
        Lair:2 |       0 |    5698 |   0.0 |       0 |      20 |   0.0 |  2221
        Lair:3 |       0 |    2537 |   0.0 |       0 |       9 |   0.0 |  1595
        Lair:4 |       0 |    3793 |   0.0 |       0 |      15 |   0.0 |  1233
        Lair:5 |       0 |    9236 |   0.0 |       0 |      27 |   0.0 |  2504
        Lair:6 |       0 |   22258 |   0.0 |       0 |      69 |   0.0 |  3912
      Shoals:1 |       0 |    6962 |   0.0 |       0 |      13 |   0.0 |  1128
      Shoals:2 |       0 |     959 |   0.0 |       0 |       3 |   0.0 |    68
         Orc:1 |       0 |    3547 |   0.0 |       0 |      21 |   0.0 |  1748
         Orc:2 |       0 |   12694 |   0.0 |       0 |     107 |   0.0 |  3198
               +---------+---------+-------+---------+---------+-------+---------

Vault maps used:
D:1:      dpeg_arrival_solitude
D:2:      lemuel_crystal_altar, zin_purify, first_ration
D:3:      serial_park_tiny_pond
D:4:      kennysheep_mini, minmay_temple_entry_glass, sigmund_army,
          uniq_sigmund, uniq_menkaure, uniq_grinder
D:5:      kennysheep_steamy, old_standard_altar, minivault_23
D:6:      gammafunk_temple_overflow_arena, marbit_many_paths,
          kiku_gazebo_pond_becter, gammafunk_temple_overflow_statue
D:7:      serial_shops, nicolae_shop_crystal
D:8:      david_lair_generic, uniq_pikel, uniq_erica, uniq_prince_ribbit1
D:10:     hangedman_little_slice_of_home, nrook_mini_backslash, xom_redecorated
D:11:     david_orc_3
D:12:     kennysheep_windowed_halls, minivault_25_ag, ashenzari_altar_1,
          uniq_josephine
D:13:     minmay_textured_paths, david_vaults_5, nicolae_gozag_seed_capital
D:14:     minmay_misc_feat_pillars
D:15:     grunt_enter_depths_hoard, lemuel_doored_altar, minmay_radiant,
          uniq_urug, uniq_louise, uniq_nessos
Lair:2:   shoals_dummy_entry, small_statue_intersection,
          kennysheep_snail_temple, serial_bayou_shore_a, serial_bayou_shore_b
Lair:3:   nicolae_spider_entry_orb_guardian, small_statue_intersection,
          minivault_23, serial_bayou_pond_e
Lair:6:   grunt_lair_end_beastmaster, minmay_slime_entry_pillars
Shoals:1: uniq_frances
Shoals:2: nicolae_shoals_c_island, uniq_polyphemus
Orc:1:    serial_shops, nicolae_shop_overgrown_old_shop, shop, shop,
          sword_in_stone
Orc:2:    grunt_orc_community_town_hall, grunt_orc_community_big_house_1,
          grunt_orc_community_big_house_2, grunt_orc_community_house_3,
          grunt_orc_community_house_2, grunt_orc_community_house_2,
          grunt_orc_community_house_3, grunt_orc_community_house_2,
          grunt_orc_community_house_3

Table legend:
 A = Turns spent in this place as a percentage of turns spent in the entire game.
 B = Non-inter-level travel turns spent in this place as a percentage of non-inter-level travel turns spent in the entire game.
 C = Inter-level travel turns spent in this place as a percentage of turns spent in this place.
 D = Turns resting spent in this place as a percentage of non-inter-level travel turns spent in this place.
 E = Turns spent auto-exploring this place as a percentage of non-inter-level travel turns spent in this place.
 F = Non-inter-level travel turns spent in this place divided by the number of levels of this place that you've seen.
                   A       B       C       D       E      F
               +-------+-------+-------+-------+-------+----------------------
         Total | 100.0 | 100.0 |   4.4 |  46.6 |  37.1 | 1534.9
       Dungeon |  52.1 |  51.5 |   5.7 |  39.5 |  43.0 | 1316.7
          Lair |  32.6 |  33.1 |   2.8 |  53.3 |  33.9 | 2118.5
        Shoals |   3.0 |   3.0 |   3.0 |  50.8 |  29.8 | 580.0
  Orcish Mines |  12.3 |  12.4 |   3.9 |  57.4 |  23.3 | 2375.5
               +-------+-------+-------+-------+-------+----------------------

Table legend:
 A = Kills in this place as a percentage of kills in entire the game.
 B = Kills by you in this place as a percentage of kills by you in the entire game.
 C = Kills by friends in this place as a percentage of kills by friends in the entire game.
 D = Other kills in this place as a percentage of other kills in the entire game.
 E = Experience gained in this place as a percentage of experience gained in the entire game.
 F = Experience gained in this place divided by the number of levels of this place that you have seen.
                   A       B       C       D       E      F
               +-------+-------+-------+-------+-------+----------------------
         Total | 100.0 | 100.0 | 100.0 |   N/A | 100.0 | 5219.0
       Dungeon |  59.6 |  60.8 |   0.0 |   N/A |  45.3 | 3944.6
          Lair |  21.1 |  21.2 |  13.3 |   N/A |  36.1 | 7857.2
        Shoals |   2.1 |   2.2 |   0.0 |   N/A |   6.1 | 3960.5
  Orcish Mines |  17.2 |  15.8 |  86.7 |   N/A |  12.4 | 8120.5
               +-------+-------+-------+-------+-------+----------------------
